 Dungeon Crawl Stone Soup version 0.19-a0-1170-g18f0c96 (webtiles) character file.

39 jacquesderrida the Slasher (level 3, -1/30 HPs)
             Began as a Minotaur Warper on Aug 17, 2016.
             Slain by a goblin
             ... wielding a +0 club
              (4 damage)
             ... on level 2 of the Dungeon.
             The game lasted 00:00:26 (102 turns).

jacquesderrida the Slasher (Minotaur Warper)         Turns: 102, Time: 00:00:26

Health: -1/30      AC:  3    Str: 15    XL:     3   Next: 28%
Magic:  4/4        EV: 12    Int: 10    God:
Gold:   32         SH:  0    Dex: 10    Spells: 1 memorised, 3 levels left

rFire  . . .     SeeInvis .     a - +0 falchion
rCold  . . .     Gourm    .     b - +0 leather armour
rNeg   . . .     Faith    .     (no shield)
rPois  .         Spirit   .     (helmet restricted)
rElec  .         Dismiss  .     (no cloak)
rCorr  .         Reflect  .     (no gloves)
MR     .....     Harm     .     (no boots)
Stlth  +.........               (no amulet)
                                (no ring)
                                (no ring)

@: no status effects
A: retaliatory headbutt, horns 2
a: no special abilities


You were on level 2 of the Dungeon.
You were not hungry.

You visited 1 branch of the dungeon, and saw 2 of its levels.

You collected 32 gold pieces.

Inventory:

Hand Weapons
 a - a +0 falchion (weapon)
 k - a +1 dagger of venom
Missiles
 e - 5 tomahawks of dispersal (quivered)
Armour
 b - a +0 leather armour (worn)
Scrolls
 d - a scroll of blinking
 h - 3 scrolls of random uselessness {unknown}
 i - a scroll of enchant armour {unknown}
 j - a scroll of identify {unknown}
Books
 c - a book of Spatial Translocations

   Spells                             Type                      Level
   a - Apportation                    Translocation                1
   b - Blink                          Translocation                2
   c - Shroud of Golubria             Charms/Translocation         2
   d - Portal Projectile              Translocation                3
   e - Teleport Other                 Translocation                3
   f - Passage of Golubria            Translocation                4
Comestibles
 f - a bread ration
 g - a beef jerky


   Skills:
 - Level 2.4 Fighting
 + Level 4.5 Long Blades
 - Level 1.0 Throwing
 - Level 1.2 Armour
 - Level 2.1 Dodging
 - Level 1.3 Spellcasting
 - Level 2.1 Translocations


You had 3 spell levels left.
You knew the following spells:

 Your Spells              Type           Power        Failure   Level  Hunger
a - Apportation           Tloc           #.........   17%         1    ##.....


Dungeon Overview and Level Annotations

Branches:
Dungeon (2/15)

Altars:


Innate Abilities, Weirdness & Mutations

You reflexively headbutt those who attack you in melee.
You have a pair of horns on your head.


Message History

The goblin is moderately wounded.
The goblin hits you with a club.
* * * LOW HITPOINT WARNING * * *
You barely miss the goblin.
The goblin is moderately wounded.
The goblin hits you but does no damage.
You barely miss the goblin.
The goblin is moderately wounded.
The goblin hits you but does no damage.
You closely miss the goblin.
The goblin is moderately wounded.
The goblin completely misses you.
You riposte.
You barely miss the goblin.
The goblin is moderately wounded.
You barely miss the goblin.
The goblin is moderately wounded.
The goblin misses you.
You hit the goblin.
The goblin is severely wounded.
The goblin hits you with a club.
You die...

...# ...## #... #####...
#..# #.....†. .###..#
###.####.#
.....########...# #.#
#..#......[.### #.#
##....######## #..
#...g## ### #.#.@# ###.
..........###########...
#.....>.........<.......
......#########...##....#
###### #...........####
#.#######....# # ####.###
#.... #####


You could see a goblin.

Vanquished Creatures
  Jessica (D:2)
  An adder (D:2)
  A dart slug (D:2)
  A goblin (D:1)
  A rat (D:1)
5 creatures vanquished.

Vanquished Creatures (others)
  A yak (D:2)
1 creature vanquished.

Grand Total: 6 creatures vanquished

Notes
Turn   | Place    | Note
-------+----------+-------------------------------------------
     0 | D:1      | jacquesderrida the Minotaur Warper began the quest for the Orb.
     0 | D:1      | Reached XP level 1. HP: 18/18 MP: 1/1
     6 | D:1      | Noticed a swamp drake
     6 | D:1      | Noticed a water moccasin
    71 | D:2      | Reached skill level 3 in Long Blades
    71 | D:2      | Reached XP level 2. HP: 15/25 MP: 3/3
    78 | D:2      | Noticed Jessica
    82 | D:2      | Killed Jessica
    82 | D:2      | Reached skill level 4 in Long Blades
    82 | D:2      | Reached XP level 3. HP: 4/30 MP: 4/4
    84 | D:2      | Killed a yak
   102 | D:2      | Slain by a goblin

Vault maps used:
D:1:      onia_arrival_zoo_common, minmay_heptomino_d4
D:2:      zin_angel, nicolae_overflow_crystal_walls, serial_curves,
          eino_curves_02, eino_curves_03, gammafunk_pakellas_statue_experiment,
          uniq_jessica, uniq_sigmund

Skill      XL: |  1  2 |
---------------+-------+-----
Long Blades    | 3 4 |  4.5
Fighting       | |  2.4
Throwing       | |  1.0
Armour         | |  1.2
Dodging        | |  2.1
Spellcasting   | |  1.3
Translocations | |  2.1

Action                   || total
-------------------------++-------
Melee: Falchion          ||    17
       Headbutt          ||     2
Armor: Leather armour    ||     2
Dodge: Dodged            ||     9
